 Dungeon Crawl Stone Soup version 0.31-a0-83-gbff143cfd1 (webtiles) character file.

Game seed: 1497394408184997627

773 IdlyInterested the Trooper (level 7, -11/55 (59) HPs)
             Began as a Demonspawn Wanderer on May 24, 2023.
             Mangled by a wight
             ... wielding a +2 great sword
              (18 damage)
             ... on level 5 of the Dungeon.
             The game lasted 00:14:46 (4361 turns).

IdlyInterested the Trooper (Demonspawn Wanderer)    Turns: 4361, Time: 00:14:46

HP:   -11/55 (59)   AC: 11    Str: 10    XL:     7   Next: 53%
MP:   10/10         EV:  6    Int: 20    God:
Gold: 251           SH:  0    Dex: 16    Spells: 10/10 levels left

rFire   . . .        p - +8 frozen axe "Frostbite" {freeze, freezing cloud, *Noise Fly rC+}
rCold   + . .        (shield currently unavailable)
rNeg    . . .        o - +0 chain mail
rPois   .            s - +0 helmet
rElec   .            w - +0 cloak
rCorr   .            (no gloves)
SInv    .            (no boots)
Will    .....        y - amulet of magic regeneration Stlth
                     L - +6 ring of intelligence
HPRegen 1.29/turn    (no ring)
MPRegen 0.52/turn

%: no passive effects
@: flying, drained
A: rugged brown scales 1, powered by death 1
a: no special abilities


You were on level 5 of the Dungeon.
You visited 1 branch of the dungeon, and saw 5 of its levels.

You collected 251 gold pieces.

Inventory:

Hand Weapons
 a - a +4 dagger
 i - a +1 dagger of venom
 p - the +8 frozen axe "Frostbite" (weapon) {freeze, freezing cloud, *Noise Fly rC+}
   (You found it on level 2 of the Dungeon)

   rC:        It protects you from cold.
   Fly:       It grants you flight.
   *Noise:    It may make noises in combat.
 r - a +0 spear
 A - a +0 war axe
 H - a +0 flail
 N - a +0 great sword
 P - a +0 scythe
 Q - a +0 short sword of venom
 R - a +0 falchion
Missiles
 b - 2 curare-tipped darts
 h - 3 boomerangs (quivered)
 t - 22 stones
 J - 5 poisoned darts
Armour
 d - a +0 robe
 j - a +0 leather armour
 m - a +0 ring mail
 o - a +0 chain mail (worn)
 s - a +0 helmet (worn)
 w - a +0 cloak (worn)
Magical Staves
 g - a staff of earth
Jewellery
 y - an amulet of magic regeneration (around neck)
 I - a ring of ice
 L - a +6 ring of intelligence (left hand)
Scrolls
 c - a scroll of fear
 k - 2 scrolls of enchant weapon
 v - a scroll of identify {unknown}
 x - a scroll of immolation {unknown}
 B - a scroll of fog {unknown}
 C - a scroll of magic mapping {unknown}
 D - a scroll of silence {unknown}
 E - a scroll of amnesia
 F - a scroll of blinking {unknown}
 G - a scroll of teleportation {unknown}
 M - a scroll of noise {unknown}
Potions
 e - 2 potions of enlightenment
 f - 4 potions of curing
 l - a potion of brilliance
 n - 2 potions of lignification
 q - a potion of mutation {unknown}
 u - a potion of attraction {unknown}
 z - a potion of heal wounds {unknown}
 K - a potion of ambrosia {unknown}
 O - a potion of experience {unknown}


   Skills:
 + Level 6.2 Fighting
 - Level 2.6 Throwing
 - Level 1.0 Armour
 + Level 3.1 Dodging
 - Level 1.0 Stealth
 - Level 2.0 Spellcasting
 - Level 2.0 Conjurations
 + Level 0.4 Necromancy
 - Level 4.0 Translocations
 - Level 1.0 Earth Magic
 - Level 1.0 Evocations


You had 10 spell levels left.
You didn't know any spells.
Your spell library contained the following spells:

 Spells                   Type           Power      Damage    Failure   Level
 Apportation              Tloc           36%        N/A       80%         1
 Blink                    Tloc           36%        N/A       90%         2
 Lesser Beckoning         Tloc           36%        N/A       90%         2
 Momentum Strike          Conj/Tloc      26%        3d8       98%         2
 Kiss of Death            Conj/Necr      20%        2d7       99%         1
 Necrotise                Necr           12%        1d4       99%         1
 Sandblast                Erth           12%        2d6       99%         1
 Passwall                 Tmut/Erth      2%         N/A       100%        2
 Confusing Touch          Hex            2%         N/A       100%        3
 Stone Arrow              Conj/Erth      14%        3d7       100%        3
 Vampiric Draining        Necr           3%         2d6       100%        3
 Vhi's Electric Charge    Tloc/Air       18%        N/A       100%        3
 Dispel Undead            Necr           3%         3d7       100%        4
 Agony                    Necr           3%         N/A       100%        5


Dungeon Overview and Level Annotations

Branches:
Dungeon (5/15)
 Temple: D:4-7

Altars:
Gozag
Yredelemnul

Shops:
D:3 [


Innate Abilities, Weirdness & Mutations

You are partially covered in rugged brown scales. (AC +1, +3% HP)
You regenerate a little health from kills.


Message History

The hound bites you but does no damage. x3
You slash the hound! You freeze the hound.
You kill the hound!
You now have 251 gold pieces (gained 18).
You reach down and open the door.
There is an open door here.
You reach down and open the door.
A mummy comes into view.
The mummy barely misses you.
There is an open door here.
You closely miss the mummy.
You hear the gusting winds of a squall.
Something unseen opens the door.
A wight opens the door.
A necrophage comes into view.
A wight comes into view. It is wielding a +2 great sword.
The mummy hits you but does no damage.
You slash the mummy! You freeze the mummy.
The mummy is heavily damaged.
The mummy closely misses you. The wight barely misses you.
You barely miss the mummy.
The mummy is heavily damaged.
You closely miss the wight.
The wight hits you with a +2 great sword!
A mummy comes into view.
The mummy hits you!
The wight hits you with a +2 great sword!
You feel drained.
* * * LOW HITPOINT WARNING * * *
A killer bee zombie comes into view.
You slash the mummy! You freeze the mummy.
You destroy the mummy!
You barely miss the wight. The killer bee zombie hits you.
* * * LOW HITPOINT WARNING * * *
The wight hits you with a +2 great sword!
* * * LOW HITPOINT WARNING * * *
You feel drained.
* * * LOW HITPOINT WARNING * * *
A centaur zombie comes into view.
The wight hits you with a +2 great sword!!
You die... ##### #M# +Z+

#.# '.+ # #.# # +.Z
######### # ###n###
#.......# # #.'z@☼#
#.......# # ###.#####
#.......### ###'###.#
#.......... ##8#.#8#.#
#.......... #........#
#.......... #........#
#..........
#........###..........
#........##.......#...
#........##.......#...


You could see a necrophage, a mummy, a wight and a centaur zombie (wandering).

Vanquished Creatures
  Sigmund (D:4)
  2 phantoms
  Blork the orc (D:4)
  A jelly (D:4)
  A hound (D:5)
  An orc priest (D:5)
  A sleepcap (D:5)
  Crazy Yiuf (D:2)
  Natasha (thrice) (D:2)
  An iguana (D:4)
  A mummy (D:5)
  Robin (D:2)
  An adder (D:2)
  An ufetubus (D:4)
  A dart slug (D:1)
  A worm (D:2)
  4 orcs
  5 ball pythons
  8 endoplasms
  5 giant cockroaches
  15 goblins
  15 hobgoblins
  13 jackals
  8 kobolds
  8 quokkas
  8 bats
  7 rats
115 creatures vanquished.

Notes
Turn   | Place    | Note
-------+----------+-------------------------------------------
     0 | D:1      | IdlyInterested the Demonspawn Wanderer began the quest for
                  | the Orb.
     0 | D:1      | IdlyInterested set off with the following items: a +3
                  | dagger, 2 curare-tipped darts, a scroll of fear, a +0 robe;
                  | and the following spell memorised: Apportation; and the
                  | following spells available to memorise: Vhi's Electric
                  | Charge.
     0 | D:1      | Reached XP level 1. HP: 19/19 MP: 2/2
    67 | D:1      | Reached skill level 1 in Conjurations
    67 | D:1      | Gained mutation: You regenerate a little health from kills.
                  | [demonic ancestry]
    67 | D:1      | Reached XP level 2. HP: 11/25 MP: 3/3
   213 | D:1      | Reached skill level 1 in Evocations
   351 | D:1      | Reached skill level 1 in Stealth
   413 | D:1      | Reached XP level 3. HP: 27/31 MP: 4/4
   916 | D:2      | Found a faded altar of an unknown god.
   925 | D:2      | Reached skill level 1 in Dodging
  1191 | D:2      | Found the +8 frozen axe "Frostbite" {freeze, freezing
                  | cloud, *Noise Fly rC+}
  1226 | D:2      | Reached skill level 1 in Earth Magic
  1238 | D:2      | Noticed Robin
  1252 | D:2      | Reached XP level 4. HP: 20/38 MP: 5/5
  1263 | D:2      | Killed Robin
  1319 | D:2      | Noticed Natasha
  1327 | D:2      | Killed Natasha
  1646 | D:2      | Found a runed translucent door.
  1647 | D:2      | Noticed Crazy Yiuf
  1653 | D:2      | Killed Crazy Yiuf
  1654 | D:2      | Gained mutation: You are partially covered in rugged brown
                  | scales. (AC +1, +3% HP) [demonic ancestry]
  1654 | D:2      | Reached XP level 5. HP: 29/44 MP: 6/6
  1853 | D:2      | Noticed Natasha
  1855 | D:2      | Killed Natasha
  1856 | D:2      | Reached skill level 5 in Fighting
  2154 | D:2      | Noticed Natasha
  2160 | D:2      | Killed Natasha
  2613 | D:3      | Found a basalt altar of Yredelemnul.
  2864 | D:3      | Found Raseaf's Armour Boutique.
  3115 | D:4      | Reached XP level 6. HP: 49/52 MP: 7/7
  3651 | D:4      | Noticed Sigmund
  3656 | D:4      | Killed Sigmund
  3723 | D:4      | Noticed Blork the orc
  3728 | D:4      | Killed Blork the orc
  3729 | D:4      | Reached XP level 7. HP: 44/57 MP: 10/10
  3986 | D:4      | Found an opulent altar of Gozag.
  4086 | D:5      | Entered Level 5 of the Dungeon
  4263 | D:5      | Reached skill level 6 in Fighting
  4361 | D:5      | Mangled by a wight

Illustrated notes

Levels and vault maps discovered:
D:1:      ldierk_walled_garden, layout_basic, st_stairs_2, kennysheep_boxes
D:2:      layout_basic, hellmonk_ecumenical_altar_dog_temple,
          minmay_misc_feat_encased, grunt_ministairs_14,
          kennysheep_generic_room_8, uniq_natasha, uniq_crazy_yiuf_cottage,
          uniq_robin
D:3:      layout_loops_ring, amcnicky_altar_gilded, serial_shops,
          nicolae_shop_rolling_square
D:4:      layout_loops_ring, grunt_temple_overflow_gold_and_silver,
          chequers_big_river, minmay_misc_feat_iff, uniq_blork_the_orc,
          uniq_sigmund
D:5:      layout_basic, lemuel_mausoleum_altar_kikubaaqudgha,
          trog_butcher_becter, minmay_lizard_king

Skill      XL: |  1  2  3  4  5  6  7 |
---------------+----------------------+-----
Conjurations   | 1 2 |  2.0
Evocations     | 1 |  1.0
Stealth        | 1 |  1.0
Dodging        | 1 2 3 |  3.1
Earth Magic    | 1 |  1.0
Translocations | 2 3 4 |  4.0
Fighting       | 5 6 |  6.2
Spellcasting   | 2 |  2.0
Throwing       | |  2.6
Armour         | |  1.0
Necromancy     | |  0.4

Action                     |  1- 3 |  4- 6 |  7- 9 || total
---------------------------+-------+-------+-------++-------
  Melee: Dagger            |   167 |       |       ||   167
         Punch             |     2 |       |       ||     2
         Executioner's axe |       |    74 |    24 ||    98
  Throw: Boomerang         |    17 |       |       ||    17
    Use: Potion            |       |     3 |     1 ||     4
         Scroll            |       |     1 |     1 ||     2
   Stab: Sleeping          |     1 |       |       ||     1
 Armour: Robe              |    14 |       |       ||    14
         Leather armour    |    25 |     2 |       ||    27
         Chain mail        |       |    56 |    19 ||    75
  Dodge: Dodged            |   113 |    37 |    15 ||   165

Table legend: (Time is in decaauts)
 A = Elapsed time spent in this place.
 B = Non-inter-level travel time spent in this place.
 C = Inter-level travel time spent in this place.
 D = Time resting spent in this place.
 E = Time spent auto-exploring this place.
 F = Levels seen in this place.
 G = Mean time per level.
                   A        B        C        D        E       F      G
               +--------+--------+--------+--------+--------+-----+--------+
         Total |   4493 |   3633 |    860 |    433 |   2074 |   5 |  898.6 |
       Dungeon |   4493 |   3633 |    860 |    433 |   2074 |   5 |  898.6 |
               +--------+--------+--------+--------+--------+-----+--------+

Top non-repeatable levels by time:
     D:2: 1472 daAuts
     D:4: 1100 daAuts
     D:1: 929 daAuts
     D:3: 782 daAuts
     D:5: 209 daAuts
